 Dungeon Crawl Stone Soup version 0.31-a0-217-g58bb5d79cf (webtiles) character file.

Game seed: 4770021422011141590

210548 qw the Severer (level 18, -3/122 HPs)
             Began as a Gargoyle Fighter on July 2, 2023.
             Was an Elder of Okawaru.
             Slain by a titanic slime creature (44 damage)
             ... on level 1 of the Vaults.
             The game lasted 00:19:24 (28076 turns).

qw the Severer (Gargoyle Fighter)                  Turns: 28076, Time: 00:19:25

Health: -3/122     AC: 51    Str: 39    XL:     18   Next: 86%
Magic:  25/25      EV: 16    Int: 12    God:    Okawaru [****..]
Gold:   1458       SH: 15    Dex:  9    Spells: 17/17 levels left

rFire   + . .        h - +4 broad axe
rCold   . . .        D - +1 kite shield {AC+3}
rNeg    + . .        E - +3 plate armour {rF+}
rPois   inf          v - +1 hat of the Stallion {Will+ Str+6 Int+2 SInv}
rElec   +            G - +2 cloak
rCorr   .            r - +2 pair of gloves
SInv    +            q - +2 pair of boots
Will    ++...        s - amulet of regeneration Stlth
                     A - +6 ring of strength
HPRegen 1.20/turn    k - +5 ring of evasion
MPRegen 0.19/turn

%: no passive effects
@: heroic, flying
A: sickness immunity, AC +13, big wings, negative energy resistance 1,
electricity resistance, torment resistance 1, petrification resistance, horns 1
}: 1/15 runes: barnacled
a: Renounce Religion, Heroism, Finesse


You were on level 1 of the Vaults.
You worshipped Okawaru.
Okawaru was greatly pleased with you.
You visited 7 branches of the dungeon, and saw 31 of its levels.

You collected 3750 gold pieces.
You spent 2292 gold pieces at shops.


Innate Abilities, Weirdness & Mutations

You are immune to sickness and miasma.
Your stone body is resilient. (AC +13)
You are immune to poison.
Your large and strong wings let you fly.
You resist negative energy. (rN+)
You are resistant to electric shocks. (rElec)
You are resistant to unholy torment.
You are immune to petrification.
You have a pair of small horns on your head.


   Skills:
 + Level 16.8(21.8) Fighting
 - Level 18.0(23.0) Axes
 - Level 9.0(14.0) Throwing
 - Level 15.0(20.0) Armour
 - Level 4.0(9.0) Dodging
 - Level 15.0(20.0) Shields
 - Level 10.0 Invocations


You had 17 spell levels left.
You didn't know any spells.
Your spell library was empty.

Inventory:

Hand Weapons
 h - a +4 broad axe (weapon)
Missiles
 p - 8 silver javelins (quivered)
 y - 5 silver boomerangs
 C - 28 boomerangs
 F - 7 javelins
Armour
 o - +0 ice dragon scales
 q - a +2 pair of boots (worn)
 r - a +2 pair of gloves (worn)
 v - the +1 hat of the Stallion (worn) {Will+ Str+6 Int+2 SInv}
   (You found it on level 5 of the Lair of Beasts)

   Str:       It affects your strength (+6).
   Int:       It affects your intelligence (+2).
   SInv:      It lets you see invisible.
   Will:      It increases your willpower.
 z - +0 acid dragon scales
 D - a +1 kite shield of protection (worn)
 E - a +3 plate armour of fire resistance (worn)
 G - a +2 cloak (worn)
Jewellery
 b - a ring of ice
 k - a +5 ring of evasion (right hand)
 s - an amulet of regeneration (around neck)
 w - a ring of ice
 A - a +6 ring of strength (left hand)
Wands
 u - a wand of digging (22)
Scrolls
 l - 16 scrolls of identify
 B - 3 scrolls of teleportation
Potions
 a - 14 potions of curing
 d - 5 potions of might
 e - 5 potions of attraction
 f - 2 potions of cancellation
 g - a potion of resistance
 i - 9 potions of lignification
 j - 2 potions of magic
 m - 5 potions of heal wounds
 n - 10 potions of enlightenment
 t - 4 potions of mutation
 x - 4 potions of haste

Dungeon Overview and Level Annotations

Branches:
Dungeon (15/15)            Temple (1/1) D:5            Lair (5/5) D:8
 Shoals (4/4) Lair:2        Snake (3/4) Lair:3        Slime (0/5) Lair:4
    Orc (2/2) D:12            Elf (0/3) Orc:2        Vaults (1/5) D:13
 Depths (0/4) D:15

Altars:
Ashenzari
Cheibriados
Dithmenos
Elyvilon
Fedhas
Gozag
Hepliaklqana
Kikubaaqudgha
Makhleb
Nemelex Xobeh
Okawaru
Qazlal
Ru
Sif Muna
Trog
Uskayaw
Vehumet
Wu Jian
Xom
Yredelemnul
Zin
The Shining One

Shops:
D:2 (   D:6 **   D:7 ?   D:11 *   D:13 !   Orc:2 :?(!   Shoals:3 [
Snake:1 [[!*   Snake:2 ?:[

Annotations:
D:5 3 runed translucent doors, exclusion: 10 iron imps, qw's ghost, novice GrFi
D:13 3 runed translucent doors, qw's ghost, journeyman GrFi
Lair:3 3 runed translucent doors, qw's ghost, journeyman GrFi


Message History

The yaktaur shoots a bolt.
The bolt hits you.
The yaktaur shoots a bolt.
The bolt completely misses you.
The centaur warrior hits you but does no damage.
You block the centaur warrior's attack.
You barely miss the centaur warrior.
Your headbutt misses the centaur warrior.
The centaur warrior is severely wounded.
You barely miss the centaur warrior.
The centaur warrior hits you but does no damage.
The centaur warrior kicks you but does no damage.
The centaur warrior barely misses you. You block the centaur warrior's attack.
You slice the centaur warrior!!
You kill the centaur warrior!
Okawaru accepts your kill.
You slash the great orb of eyes! You closely miss the vault sentinel.
You barely miss the centaur warrior. You slice the centaur warrior!!
You kill the centaur warrior!
Okawaru accepts your kill.
The centaur warrior wields a +0 orcbow.
The centaur warrior shoots an arrow.
You block the arrow.
The centaur warrior wields a +0 orcbow.
The centaur warrior shoots an arrow.
You block the arrow.
The centaur warrior hits you but does no damage.
The centaur warrior kicks you but does no damage.
The vault sentinel casts a spell at you.
You barely resist. The great orb of eyes gazes at you.
You resist with almost no effort.
You slice the great orb of eyes!! You headbutt the great orb of eyes.
The great orb of eyes is heavily wounded.
You slash the centaur warrior!
You barely miss the titanic slime creature.
You hit the vault sentinel.
The centaur warrior shoots an arrow.
The arrow hits you but does no damage.
You block the centaur warrior's attack. x2
You slice the great orb of eyes!!
The great orb of eyes is severely wounded.
You hit the vault sentinel. You barely miss the centaur warrior.
You slash the slime creature! You slash the titanic slime creature!
You block the vault sentinel's attack. The titanic slime creature hits you!!!
You die...

#.....##.
..####
#..... . #
..#...
#..c.. T
#.c.#.. #
#.#.+...#
###
#..c#.#.#...
#...#...'.
#..c#G#.#
#J@p..#
#.cJ#...#
#..c#...#
#...#####
#... #...
#.#. #...


You could see a great orb of eyes, a titanic slime creature, a slime creature, 3
centaur warriors, a vault sentinel and 2 yaktaurs.

Vanquished Creatures
  Saint Roka (Snake:3)
  2 tentacled monstrosities (Snake:3)
  A titan (Shoals:3)
  Mlioglotl (Snake:3)
  Polyphemus (Shoals:3)
  A kraken (Shoals:1)
  Kirke (Lair:5)
  3 nagarajas
  A thorn hunter (Snake:3)
  Ilsuiw (Shoals:4)
  A vault warden (Vaults:1)
  An ironbound preserver (Vaults:1)
  3 dire elephants (Vaults:1)
  Snorg (D:10)
  7 merfolk javelineers (Shoals:4)
  Erolcha (D:10)
  4 merfolk impalers
  A rakshasa (D:15)
  An ice dragon (Snake:2)
  2 merfolk avatars
  10 centaur warriors
  7 hydras
  An anaconda (shapeshifter) (Vaults:1)
  2 catoblepae
  An alligator snapping turtle (Shoals:4)
  9 merfolk aquamancers
  6 boulder beetles
  3 alligators (Snake:3)
  An ogre mage (D:15)
  5 anacondas
  10 two-headed ogres
  5 satyrs
  A tengu warrior (D:14)
  A deep troll earth mage (Vaults:1)
  2 death yaks (Shoals:3)
  8 naga warriors
  A hell knight (Vaults:1)
  3 orc high priests (Orc:2)
  A storm dragon zombie (D:15)
  4 shock serpents
  Sonja (Lair:3)
  10 skysharks
  6 naga sharpshooters
  15 sea snakes
  2 skeletal warriors (D:15)
  A flayed ghost (D:15)
  3 deep trolls (Vaults:1)
  5 swamp dragons (Snake:3)
  A sphinx zombie (D:15)
  An orange crystal statue (D:10)
  A wizard (D:15)
  3 deep elf pyromancers
  5 naga ritualists
  5 orc knights (Orc:2)
  2 necromancers
  16 harpies
  11 fauns
  5 orc sorcerers
  17 manticores
  8 mana vipers
  2 ugly things
  A stone giant zombie (D:15)
  8 cyclopes
  3 salamanders
  11 merfolk sirens
  A vault sentinel (Vaults:1)
  Joseph (D:10)
  3 guardian serpents
  3 elephants (Lair:3)
  9 water nymphs
  2 gargoyles (D:12)
  9 naga magi
  26 black mambas
  10 cane toads
  16 komodo dragons
  4 rime drakes
  4 yaktaurs (Vaults:1)
  A kobold demonologist (D:14)
  An unseen horror (D:11)
  2 tengu conjurers (D:14)
  6 polar bears
  6 trolls
  22 merfolk
  4 wind drakes
  3 meliai (D:14)
  2 hornets (Lair:5)
  Prince Ribbit (D:5)
  6 snapping turtles
  26 blink frogs
  2 tyrant leeches (Snake:3)
  22 slime creatures
  4 wyverns
  15 water elementals
  3 vampires
  A wraith (D:10)
  4 basilisks
  51 yaks
  4 hogs (Lair:5)
  2 steam dragons (Lair:5)
  8 vampire mosquitoes
  23 nagas
  3 wargs (Orc:1)
  A human zombie (D:15)
  5 swamp worms (Snake:3)
  2 acid dragons
  15 water moccasins
  34 orc warriors
  4 ice beasts (D:6)
  A swamp drake (Snake:3)
  5 black bears
  9 ogres
  24 wolves
  5 centaurs
  A phantom (D:6)
  2 kobold brigands
  17 bullfrogs
  2 gnoll sergeants
  7 wights
  A scorpion (D:4)
  6 killer bees (D:8)
  7 electric eels
  4 vampire bats (Orc:2)
  8 howler monkeys
  4 lava snakes (D:10)
  6 hounds
  3 iron imps (D:5)
  A sleepcap (D:7)
  13 orc priests
  Natasha (thrice) (D:4)
  5 iguanas
  19 orc wizards
  4 gnolls (D:11)
  7 adders
  2 shadow imps
  A worm (D:4)
  3 dart slugs
  75 orcs
  13 bats
  5 bat zombies (D:7)
  8 endoplasms
  7 giant cockroaches
  5 goblins
  4 hobgoblins
  6 quokkas
  6 ball pythons
  2 frilled lizards
  17 kobolds
  6 rats
  A rat zombie (D:7)
  A butterfly (D:8)
  A spectral weapon (D:10)
  2 tentacles (Shoals:1)
959 creatures vanquished.

Vanquished Creatures (others)
  A sea snake (Shoals:3)
  3 tentacles (Shoals:1)
4 creatures vanquished.

Grand Total: 963 creatures vanquished

Notes
Turn   | Place    | Note
-------+----------+-------------------------------------------
     0 | D:1      | qw the Gargoyle Fighter began the quest for the Orb.
     0 | D:1      | Reached XP level 1. HP: 14/14 MP: 1/1
     0 | D:1      | 0 ||| qw: Version: 0.3-a-40-ge99b1a8
     0 | D:1      | 0 ||| qw: Game counter: 73
     0 | D:1      | 0 ||| qw: Melee chars always use a shield: true
     0 | D:1      | 0 ||| qw: God list: Okawaru
     0 | D:1      | 0 ||| qw: Allow faded altars: false
     0 | D:1      | 0 ||| qw: Do Orc after clearing Dungeon:15 true
     0 | D:1      | 0 ||| qw: Do second Lair branch before Depths: true
     0 | D:1      | 0 ||| qw: Lair rune preference: random
     0 | D:1      | 0 ||| qw: Goals: Normal, Zot:1-4, Slime:5, God:TSO, Crypt,
                  | Tomb, Abyss, Pan, Hells, Win
     0 | D:1      | 0 ||| PLANNING D:1-11
    25 | D:1      | Reached skill level 2 in Axes
    81 | D:1      | Reached XP level 2. HP: 19/19 MP: 2/2
   474 | D:1      | 474 ||| Stepping ~*~*~tactically~*~*~ (stealth).
   483 | D:1      | Reached skill level 3 in Axes
   500 | D:1      | Found a faded altar of an unknown god.
   532 | D:1      | 532 ||| UPGRADING to +0 plate armour.
   542 | D:1      | 542 ||| DROPPING +0 scale mail.
   543 | D:1      | 543 ||| DROPPING ring of wizardry.
   544 | D:1      | 544 ||| UPGRADING to +4 ring of protection.
   545 | D:1      | 545 ||| UPGRADING to +5 ring of evasion.
   546 | D:1      | 546 ||| READING 3 scrolls labelled MOUGUO QAIROW.
   547 | D:1      | 547 ||| READING scroll labelled NITEEN ROQAD.
   648 | D:1      | 648 ||| DROPPING 2 scrolls of noise.
   656 | D:2      | Found a blossoming altar of Fedhas.
   678 | D:2      | Reached XP level 3. HP: 23/23 MP: 3/3
   925 | D:2      | Found Viarrur's Weapon Shop.
   925 | D:2      | Noticed a +0 demon trident
   925 | D:2      | Noticed a +0 great mace
   933 | D:2      | 933 ||| SHOPLISTING +4 morningstar of draining (408 gold,
                  | have 13).
  1208 | D:2      | 1208 ||| UPGRADING to +0 helmet.
  1213 | D:2      | 1213 ||| DROPPING +6 ring of dexterity.
  1214 | D:2      | 1214 ||| READING scroll labelled CINNOITYMU.
  1215 | D:2      | 1215 ||| READING scroll labelled HURUAT SYUNIOC.
  1216 | D:2      | 1216 ||| READING scroll labelled ZINIRGH ZIOHIL.
  1217 | D:2      | 1217 ||| READING scroll labelled RIOPHUMUIN.
  1218 | D:2      | 1218 ||| DRINKING 2 grey potions.
  1357 | D:3      | Reached XP level 4. HP: 28/28 MP: 4/4
  1441 | D:3      | 1441 ||| READING scroll labelled POAXIDW XEUDOH.
  1745 | D:3      | 1745 ||| Stepping ~*~*~tactically~*~*~ (hiding).
  1750 | D:3      | Reached skill level 4 in Axes
  1899 | D:3      | 1899 ||| Stepping ~*~*~tactically~*~*~ (stealth).
  1913 | D:3      | You fall into a shaft and drop 1 floor!
  1928 | D:4      | 1928 ||| READING scroll labelled PIRIETH VIDGHI.
  1937 | D:4      | 1937 ||| Stepping randomly (stuck).
  1938 | D:4      | 1938 ||| Stepping randomly (stuck).
  1939 | D:4      | 1939 ||| Stepping randomly (stuck).
  1940 | D:4      | 1940 ||| Stepping randomly (stuck).
  1941 | D:4      | 1941 ||| Stepping randomly (stuck).
  1942 | D:4      | 1942 ||| Stepping randomly (stuck).
  1943 | D:4      | 1943 ||| Stepping randomly (stuck).
  1944 | D:4      | 1944 ||| Stepping randomly (stuck).
  1945 | D:4      | 1945 ||| Stepping randomly (stuck).
  1946 | D:4      | 1946 ||| Stepping randomly (stuck).
  1947 | D:4      | 1947 ||| Stepping randomly (stuck).
  1948 | D:4      | 1948 ||| Stepping randomly (stuck).
  1949 | D:4      | 1949 ||| Stepping randomly (stuck).
  1950 | D:4      | 1950 ||| Stepping randomly (stuck).
  1951 | D:4      | 1951 ||| Stepping randomly (stuck).
  1952 | D:4      | 1952 ||| Stepping randomly (stuck).
  1953 | D:4      | 1953 ||| Stepping randomly (stuck).
  1954 | D:4      | 1954 ||| Stepping randomly (stuck).
  1955 | D:4      | 1955 ||| Stepping randomly (stuck).
  1956 | D:4      | 1956 ||| Stepping randomly (stuck).
  1957 | D:4      | 1957 ||| Stepping randomly (stuck).
  1958 | D:4      | 1958 ||| Stepping randomly (stuck).
  1959 | D:4      | 1959 ||| Stepping randomly (stuck).
  1960 | D:4      | 1960 ||| Stepping randomly (stuck).
  1961 | D:4      | 1961 ||| Stepping randomly (stuck).
  1962 | D:4      | 1962 ||| Stepping randomly (stuck).
  1963 | D:4      | 1963 ||| Stepping randomly (stuck).
  1964 | D:4      | 1964 ||| Stepping randomly (stuck).
  1965 | D:4      | 1965 ||| Stepping randomly (stuck).
  1966 | D:4      | 1966 ||| Stepping randomly (stuck).
  1967 | D:4      | 1967 ||| Stepping randomly (stuck).
  1968 | D:4      | 1968 ||| Stepping randomly (stuck).
  1969 | D:4      | 1969 ||| Stepping randomly (stuck).
  1970 | D:4      | 1970 ||| Stepping randomly (stuck).
  1971 | D:4      | 1971 ||| Stepping randomly (stuck).
  1972 | D:4      | 1972 ||| Stepping randomly (stuck).
  1973 | D:4      | 1973 ||| Stepping randomly (stuck).
  1974 | D:4      | 1974 ||| Stepping randomly (stuck).
  1975 | D:4      | 1975 ||| Stepping randomly (stuck).
  1976 | D:4      | 1976 ||| Stepping randomly (stuck).
  1977 | D:4      | 1977 ||| Stepping randomly (stuck).
  1978 | D:4      | 1978 ||| Stepping randomly (stuck).
  1979 | D:4      | 1979 ||| Stepping randomly (stuck).
  1980 | D:4      | 1980 ||| Stepping randomly (stuck).
  1981 | D:4      | 1981 ||| Stepping randomly (stuck).
  1982 | D:4      | 1982 ||| Stepping randomly (stuck).
  1983 | D:4      | 1983 ||| Stepping randomly (stuck).
  1984 | D:4      | 1984 ||| Stepping randomly (stuck).
  1985 | D:4      | 1985 ||| Stepping randomly (stuck).
  1986 | D:4      | 1986 ||| Stepping randomly (stuck).
  1987 | D:4      | 1987 ||| Stepping randomly (stuck).
  1988 | D:4      | 1988 ||| Stepping randomly (stuck).
  1989 | D:4      | 1989 ||| Stepping randomly (stuck).
  1990 | D:4      | 1990 ||| Stepping randomly (stuck).
  1991 | D:4      | 1991 ||| Stepping randomly (stuck).
  1992 | D:4      | 1992 ||| Stepping randomly (stuck).
  1993 | D:4      | 1993 ||| Stepping randomly (stuck).
  1994 | D:4      | 1994 ||| Stepping randomly (stuck).
  1995 | D:4      | 1995 ||| Stepping randomly (stuck).
  1996 | D:4      | 1996 ||| Stepping randomly (stuck).
  1997 | D:4      | 1997 ||| Stepping randomly (stuck).
  1998 | D:4      | 1998 ||| Stepping randomly (stuck).
  1999 | D:4      | 1999 ||| Stepping ~*~*~tactically~*~*~ (stealth).
  2187 | D:3      | 2187 ||| READING scroll labelled PIVIVEURATH.
  2275 | D:4      | Noticed a scorpion
  2281 | D:4      | Killed a scorpion
  2282 | D:4      | Reached XP level 5. HP: 32/32 MP: 5/5
  2344 | D:4      | Noticed Natasha
  2357 | D:4      | Killed Natasha
  2358 | D:4      | Reached skill level 5 in Axes
  2415 | D:4      | 2415 ||| DROPPING +0 club.
  2457 | D:4      | Noticed Natasha
  2458 | D:4      | 2458 ||| Stepping ~*~*~tactically~*~*~ (stealth).
  2459 | D:4      | 2459 ||| Stepping ~*~*~tactically~*~*~ (stealth).
  2460 | D:4      | 2460 ||| Stepping ~*~*~tactically~*~*~ (stealth).
  2461 | D:4      | 2461 ||| Stepping ~*~*~tactically~*~*~ (stealth).
  2462 | D:4      | 2462 ||| Stepping ~*~*~tactically~*~*~ (stealth).
  2467 | D:4      | Killed Natasha
  2675 | D:4      | 2675 ||| Stepping ~*~*~tactically~*~*~ (hiding).
  2975 | D:4      | 2975 ||| DRINKING 2 red potions.
  3027 | D:4      | Noticed Natasha
  3033 | D:4      | Killed Natasha
  3034 | D:4      | 3034 ||| DROPPING potion of berserk rage.
  3057 | D:5      | Entered Level 5 of the Dungeon
  3057 | D:5      | Noticed qw's ghost (novice GrFi)
  3057 | D:5      | Found a runed translucent gate.
  3057 | D:5      | Found a runed translucent gate.
  3057 | D:5      | Found a runed translucent gate.
  3089 | D:5      | Found a burning altar of Makhleb.
  3090 | D:5      | Noticed Prince Ribbit
  3127 | D:5      | Killed Prince Ribbit
  3128 | D:5      | Reached skill level 6 in Axes
  3128 | D:5      | Reached XP level 6. HP: 20/38 MP: 6/6
  3128 | D:5      | Reached XP level 7. HP: 23/43 MP: 7/7
  3249 | D:5      | Found a hide-covered altar of Uskayaw.
  3304 | D:5      | Reached skill level 7 in Axes
  3325 | D:5      | 3325 ||| FLEEEEING.
  3391 | D:5      | 3391 ||| READING scroll of enchant armour.
  3391 | D:5      | 3391 ||| ENCHANTING +0 helmet.
  3550 | D:5      | 3550 ||| DROPPING +0 whip.
  3567 | D:5      | 3567 ||| Stepping ~*~*~tactically~*~*~ (stealth).
  3599 | D:5      | Reached skill level 1 in Dodging
  3599 | D:5      | Reached XP level 8. HP: 43/49 MP: 8/8
  3653 | D:5      | Noticed a troll
  3668 | D:5      | Killed a troll
  3806 | D:5      | Found a staircase to the Ecumenical Temple.
  3807 | D:5      | 3807 ||| PLANNING TEMPLE
  3807 | D:5      | 3807 ||| UPGRADING to +0 pair of boots.
  3812 | D:5      | 3812 ||| READING scroll labelled RILE PAPTERATI.
  3813 | D:5      | 3813 ||| DROPPING +0 mace.
  3814 | D:5      | 3814 ||| READING scroll labelled JOEPLE JAEDD.
  3814 | D:5      | Identified a scroll of acquirement
  3814 | D:5      | 3814 ||| ACQUIRING +0 broad axe of venom
  3814 | D:5      | Acquired a +0 broad axe of venom
  3815 | D:5      | 3815 ||| READING 2 scrolls of identify.
  3815 | D:5      | 3815 ||| IDENTIFYING fizzy yellow potion
  3831 | Temple   | Entered the Ecumenical Temple
  3832 | Temple   | 3832 ||| PLANNING OKAWARU WORSHIP
  3883 | Temple   | Became a worshipper of Warmaster Okawaru
  3884 | Temple   | 3884 ||| PLANNING D:1-11
  3931 | D:5      | Found a radiant altar of Vehumet.
  3943 | D:5      | Reached skill level 8 in Axes
  4268 | D:6      | 4268 ||| Stepping ~*~*~tactically~*~*~ (hiding).
  4269 | D:6      | 4269 ||| Stepping ~*~*~tactically~*~*~ (hiding).
  4435 | D:6      | Found Elaudwoq's Specific Store.
  4436 | D:6      | Found Eceisona's General Store.
  4454 | D:6      | 4454 ||| BUYING 2 potions of curing (72 gold).
  4454 | D:6      | Bought 2 potions of curing for 72 gold pieces
  4454 | D:6      | 4454 ||| SHOPLISTING 3 scrolls of enchant weapon (270 gold,
                  | have 193).
  4492 | D:6      | Reached * piety under Okawaru
  4493 | D:6      | Reached skill level 1 in Throwing
  4513 | D:6      | 4513 ||| Stepping ~*~*~tactically~*~*~ (hiding).
  4514 | D:6      | 4514 ||| Stepping ~*~*~tactically~*~*~ (hiding).
  4517 | D:6      | 4517 ||| Stepping ~*~*~tactically~*~*~ (hiding).
  4547 | D:6      | Reached skill level 6 in Fighting
  4605 | D:6      | Reached skill level 1 in Invocations
  4605 | D:6      | Reached XP level 9. HP: 55/55 MP: 8/10
  4691 | D:6      | 4691 ||| Stepping ~*~*~tactically~*~*~ (stealth).
  4781 | D:6      | 4781 ||| Stepping ~*~*~tactically~*~*~ (stealth).
  4783 | D:6      | 4783 ||| Stepping ~*~*~tactically~*~*~ (stealth).
  4785 | D:6      | 4785 ||| Stepping ~*~*~tactically~*~*~ (hiding).
  4789 | D:6      | 4789 ||| INVOKING Heroism.
  4797 | D:6      | Reached skill level 3 in Invocations
  4964 | D:6      | 4964 ||| Stepping ~*~*~tactically~*~*~ (hiding).
  5033 | D:6      | 5033 ||| UPGRADING to +0 cloak.
  5038 | D:6      | 5038 ||| UPGRADING to +0 pair of gloves.
  5043 | D:6      | 5043 ||| UPGRADING to amulet of regeneration.
  5048 | D:6      | 5048 ||| READING 2 scrolls labelled TIMEDILIXO.
  5049 | D:6      | 5049 ||| DRINKING 2 fuming purple potions.
  5050 | D:6      | 5050 ||| READING 3 scrolls of identify.
  5050 | D:6      | 5050 ||| IDENTIFYING glowing black potion
  5051 | D:6      | 5051 ||| READING 2 scrolls of identify.
  5051 | D:6      | 5051 ||| IDENTIFYING viscous yellow potion
  5052 | D:6      | 5052 ||| DROPPING potion of degeneration.
  5053 | D:6      | 5053 ||| DROPPING potion of ambrosia.
  5054 | D:6      | 5054 ||| DROPPING scroll of vulnerability.
  5081 | D:7      | Found Ahust's Magic Scroll Shop.
  5092 | D:7      | 5092 ||| BUYING scroll of enchant armour (97 gold).
  5092 | D:7      | Bought a scroll of enchant armour for 97 gold pieces
  5092 | D:7      | 5092 ||| BUYING scroll of enchant armour (97 gold).
  5092 | D:7      | Bought a scroll of enchant armour for 97 gold pieces
  5092 | D:7      | 5092 ||| SHOPLISTING scroll of enchant weapon (97 gold,
                  | have 34).
  5092 | D:7      | 5092 ||| BUYING scroll of identify (26 gold).
  5092 | D:7      | Bought a scroll of identify for 26 gold pieces
  5092 | D:7      | 5092 ||| READING 2 scrolls of enchant armour.
  5092 | D:7      | 5092 ||| ENCHANTING +0 pair of gloves.
  5093 | D:7      | 5093 ||| READING scroll of enchant armour.
  5093 | D:7      | 5093 ||| ENCHANTING +1 pair of gloves.
  5141 | D:7      | 5141 ||| INVOKING Heroism.
  5205 | D:7      | 5205 ||| Stepping ~*~*~tactically~*~*~ (hiding).
  5221 | D:7      | Reached skill level 6 in Armour
  5230 | D:7      | Reached skill level 9 in Axes
  5297 | D:7      | 5297 ||| Stepping ~*~*~tactically~*~*~ (stealth).
  5298 | D:7      | 5298 ||| Stepping ~*~*~tactically~*~*~ (stealth).
  5299 | D:7      | 5299 ||| Stepping ~*~*~tactically~*~*~ (stealth).
  5300 | D:7      | 5300 ||| Stepping ~*~*~tactically~*~*~ (stealth).
  5521 | D:7      | Found an ancient bone altar of Kikubaaqudgha.
  5562 | D:8      | Found a staircase to the Lair.
  5684 | D:8      | 5684 ||| Stepping ~*~*~tactically~*~*~ (stealth).
  5686 | D:8      | 5686 ||| Stepping ~*~*~tactically~*~*~ (stealth).
  5696 | D:8      | Reached ** piety under Okawaru
  5697 | D:8      | Reached XP level 10. HP: 56/63 MP: 13/13
  5725 | D:8      | 5725 ||| Stepping ~*~*~tactically~*~*~ (stealth).
  5809 | D:8      | 5809 ||| Stepping ~*~*~tactically~*~*~ (hiding).
  5822 | D:8      | 5822 ||| Stepping ~*~*~tactically~*~*~ (hiding).
  5962 | D:8      | Found a blossoming altar of Fedhas.
  6021 | D:8      | Found a glowing silver altar of Zin.
  6062 | D:8      | Found a shimmering altar of Xom.
  6273 | D:8      | 6273 ||| Stepping ~*~*~tactically~*~*~ (stealth).
  6312 | D:8      | 6312 ||| INVOKING Heroism.
  6562 | D:8      | 6562 ||| PLANNING LAIR
  6562 | D:8      | 6562 ||| READING scroll labelled WONIFU EBEURCH.
  6563 | D:8      | 6563 ||| DRINKING 2 golden potions.
  6563 | D:8      | Gained mutation: You have a pair of small horns on your
                  | head. [potion of mutation]
  6564 | D:8      | 6564 ||| DROPPING +1 helmet.
  6565 | D:8      | 6565 ||| READING 4 scrolls of identify.
  6565 | D:8      | 6565 ||| IDENTIFYING purple potion
  6630 | Lair:1   | Entered Level 1 of the Lair of Beasts
  6721 | Lair:1   | 6721 ||| INVOKING Heroism.
  6745 | Lair:1   | Reached skill level 10 in Axes
  6759 | Lair:1   | Noticed a catoblepas
  6761 | Lair:1   | 6761 ||| Stepping ~*~*~tactically~*~*~ (hiding).
  6764 | Lair:1   | 6764 ||| INVOKING Heroism.
  6780 | Lair:1   | Killed a catoblepas
  6780 | Lair:1   | Reached *** piety under Okawaru
  6802 | Lair:1   | 6802 ||| INVOKING Heroism.
  6828 | Lair:1   | 6828 ||| INVOKING Heroism.
  6873 | Lair:1   | 6873 ||| INVOKING Heroism.
  6887 | Lair:1   | Reached skill level 11 in Axes
  6887 | Lair:1   | Reached XP level 11. HP: 59/69 MP: 12/14
  6918 | Lair:1   | 6918 ||| INVOKING Heroism.
  6957 | Lair:1   | 6957 ||| READING scroll of enchant armour.
  6957 | Lair:1   | 6957 ||| ENCHANTING +0 pair of boots.
  6969 | Lair:1   | 6969 ||| INVOKING Heroism.
  7072 | Lair:1   | 7072 ||| Stepping ~*~*~tactically~*~*~ (stealth).
  7078 | Lair:1   | 7078 ||| Stepping ~*~*~tactically~*~*~ (stealth).
  7090 | Lair:1   | Reached skill level 9 in Fighting
  7228 | Lair:1   | 7228 ||| INVOKING Heroism.
  7367 | Lair:1   | 7367 ||| INVOKING Heroism.
  7385 | Lair:1   | 7385 ||| Stepping ~*~*~tactically~*~*~ (stealth).
  7389 | Lair:1   | 7389 ||| INVOKING Heroism.
  7407 | Lair:1   | Reached **** piety under Okawaru
  7408 | Lair:1   | Reached skill level 12 in Axes
  7549 | Lair:1   | 7549 ||| INVOKING Heroism.
  7570 | Lair:1   | 7570 ||| READING scroll labelled JATHRE FEERE.
  7607 | Lair:2   | 7607 ||| INVOKING Heroism.
  7618 | Lair:2   | Reached skill level 9 in Armour
  7631 | Lair:2   | Reached ***** piety under Okawaru
  7632 | Lair:2   | Reached skill level 6 in Shields
  7634 | Lair:2   | Reached skill level 6 in Invocations
  7636 | Lair:2   | 7636 ||| INVOKING Heroism.
  7662 | Lair:2   | 7662 ||| Stepping ~*~*~tactically~*~*~ (stealth).
  7676 | Lair:2   | 7676 ||| INVOKING Heroism.
  7695 | Lair:2   | Reached XP level 12. HP: 76/76 MP: 16/16
  7717 | Lair:2   | 7717 ||| Stepping ~*~*~tactically~*~*~ (stealth).
  7722 | Lair:2   | 7722 ||| INVOKING Heroism.
  7864 | Lair:2   | 7864 ||| INVOKING Heroism.
  7882 | Lair:2   | 7882 ||| READING scroll of enchant weapon.
  7882 | Lair:2   | 7882 ||| ENCHANTING +1 war axe of flaming.
  7950 | Lair:2   | 7950 ||| READING scroll of enchant armour.
  7950 | Lair:2   | 7950 ||| ENCHANTING +1 pair of boots.
  7971 | Lair:2   | Noticed a skyshark
  7982 | Lair:2   | Killed a skyshark
  8005 | Lair:2   | 8005 ||| INVOKING Heroism.
  8145 | Lair:2   | Found a staircase to the Shoals.
  8263 | Lair:2   | Reached skill level 9 in Invocations
  8546 | Lair:2   | 8546 ||| DROPPING amulet of magic regeneration.
  8547 | Lair:2   | 8547 ||| READING scroll labelled LUUROL TULI.
  8548 | Lair:2   | 8548 ||| READING 5 scrolls of identify.
  8548 | Lair:2   | 8548 ||| IDENTIFYING sedimented purple potion
  8582 | Lair:3   | Received a gift from Okawaru
  8587 | Lair:3   | 8587 ||| STAIRDANCE
  8604 | Lair:3   | Found a runed translucent gate.
  8604 | Lair:3   | Found a runed translucent gate.
  8604 | Lair:3   | Found a runed translucent gate.
  8615 | Lair:3   | 8615 ||| INVOKING Heroism.
  8795 | Lair:3   | 8795 ||| INVOKING Heroism.
  8804 | Lair:3   | Reached skill level 13 in Axes
  8831 | Lair:3   | 8831 ||| Stepping ~*~*~tactically~*~*~ (hiding).
  8832 | Lair:3   | Found a staircase to the Snake Pit.
  8843 | Lair:3   | 8843 ||| INVOKING Heroism.
  8999 | Lair:3   | 8999 ||| Stepping ~*~*~tactically~*~*~ (hiding).
  9021 | Lair:3   | Reached XP level 13. HP: 80/82 MP: 20/20
  9061 | Lair:3   | 9061 ||| INVOKING Heroism.
  9145 | Lair:3   | Noticed Sonja
  9146 | Lair:3   | 9146 ||| Stepping ~*~*~tactically~*~*~ (hiding).
  9148 | Lair:3   | 9148 ||| INVOKING Finesse.
  9152 | Lair:3   | 9152 ||| Stepping ~*~*~tactically~*~*~ (hiding).
  9162 | Lair:3   | 9162 ||| INVOKING Heroism.
  9163 | Lair:3   | Killed Sonja
  9163 | Lair:3   | Received a gift from Okawaru
  9163 | Lair:3   | Found the +6 arbalest "Damnation" {damnation}
  9580 | Lair:3   | Noticed qw's ghost (journeyman GrFi)
  9744 | Lair:4   | 9744 ||| Stepping ~*~*~tactically~*~*~ (stealth).
  9804 | Lair:4   | 9804 ||| Stepping ~*~*~tactically~*~*~ (hiding).
  9849 | Lair:4   | 9849 ||| INVOKING Heroism.
  9858 | Lair:4   | Reached skill level 14 in Axes
  9945 | Lair:4   | 9945 ||| READING scroll of brand weapon.
  9945 | Lair:4   | 9945 ||| BRANDING +2 war axe of flaming.
  9946 | Lair:4   | 9946 ||| SWAPPING to +0 broad axe of venom.
  9947 | Lair:4   | 9947 ||| DROPPING +2 war axe of freezing.
 10169 | Lair:4   | Found a staircase to the Slime Pits.
 10175 | Lair:4   | 10175 ||| INVOKING Heroism.
 10199 | Lair:4   | 10199 ||| Stepping ~*~*~tactically~*~*~ (stealth).
 10221 | Lair:4   | 10221 ||| Stepping ~*~*~tactically~*~*~ (stealth).
 10238 | Lair:4   | Received a gift from Okawaru
 10702 | Lair:5   | Entered Level 5 of the Lair of Beasts
 10710 | Lair:5   | 10710 ||| Stepping ~*~*~tactically~*~*~ (hiding).
 10711 | Lair:5   | 10711 ||| Stepping ~*~*~tactically~*~*~ (hiding).
 10713 | Lair:5   | 10713 ||| Stepping ~*~*~tactically~*~*~ (hiding).
 10740 | Lair:5   | 10740 ||| INVOKING Heroism.
 10762 | Lair:5   | 10762 ||| INVOKING Finesse.
 10801 | Lair:5   | 10801 ||| Stepping ~*~*~tactically~*~*~ (stealth).
 10802 | Lair:5   | 10802 ||| Stepping ~*~*~tactically~*~*~ (stealth).
 10803 | Lair:5   | 10803 ||| Stepping ~*~*~tactically~*~*~ (stealth).
 10804 | Lair:5   | 10804 ||| Stepping ~*~*~tactically~*~*~ (stealth).
 10806 | Lair:5   | 10806 ||| Stepping ~*~*~tactically~*~*~ (stealth).
 10807 | Lair:5   | 10807 ||| INVOKING Heroism.
 10826 | Lair:5   | Noticed Kirke
 10840 | Lair:5   | 10840 ||| INVOKING Heroism.
 10854 | Lair:5   | Killed Kirke
 10870 | Lair:5   | 10870 ||| Stepping ~*~*~tactically~*~*~ (stealth).
 10895 | Lair:5   | 10895 ||| Stepping ~*~*~tactically~*~*~ (water).
 10900 | Lair:5   | 10900 ||| INVOKING Heroism.
 10906 | Lair:5   | Reached skill level 15 in Axes
 10965 | Lair:5   | 10965 ||| INVOKING Heroism.
 10980 | Lair:5   | HP: 21/84 [13-headed hydra (4)]
 10981 | Lair:5   | 10981 ||| READING 2 scrolls of teleportation.
 10981 | Lair:5   | HP: 10/84 [13-headed hydra (9)]
 10982 | Lair:5   | 10982 ||| DRINKING 4 potions of heal wounds.
 10983 | Lair:5   | 10983 ||| DRINKING 3 potions of heal wounds.
 11005 | Lair:5   | 11005 ||| INVOKING Heroism.
 11062 | Lair:5   | Gained mutation: Your large and strong wings let you fly.
                  | [Gargoyle growth]
 11062 | Lair:5   | Reached XP level 14. HP: 90/90 MP: 21/21
 11066 | Lair:5   | 11066 ||| Stepping ~*~*~tactically~*~*~ (cloud).
 11099 | Lair:5   | 11099 ||| Stepping ~*~*~tactically~*~*~ (stealth).
 11100 | Lair:5   | 11100 ||| INVOKING Heroism.
 11101 | Lair:5   | 11101 ||| INVOKING Finesse.
 11103 | Lair:5   | 11103 ||| Stepping ~*~*~tactically~*~*~ (hiding).
 11104 | Lair:5   | 11104 ||| Stepping ~*~*~tactically~*~*~ (hiding).
 11233 | Lair:5   | 11233 ||| Stepping ~*~*~tactically~*~*~ (stealth).
 11246 | Lair:5   | Reached skill level 12 in Fighting
 11322 | Lair:5   | 11322 ||| INVOKING Heroism.
 11323 | Lair:5   | 11323 ||| INVOKING Finesse.
 11460 | Lair:5   | 11460 ||| Stepping ~*~*~tactically~*~*~ (stealth).
 11462 | Lair:5   | 11462 ||| Stepping ~*~*~tactically~*~*~ (stealth).
 11730 | Lair:5   | Identified the +1 hat of the Stallion {Will+ Str+6 Int+2
                  | SInv}
 11942 | Lair:5   | 11942 ||| PLANNING D:1-11
 11942 | Lair:5   | 11942 ||| UPGRADING to +1 hat of the Stallion {Will+ Str+6
                  | Int+2 SInv}.
 12142 | D:9      | 12142 ||| Stepping ~*~*~tactically~*~*~ (hiding).
 12143 | D:9      | 12143 ||| Stepping ~*~*~tactically~*~*~ (hiding).
 12214 | D:9      | 12214 ||| DROPPING +0 club.
 12552 | D:9      | 12552 ||| READING 8 scrolls of identify.
 12552 | D:9      | 12552 ||| IDENTIFYING lumpy purple potion
 12563 | D:10     | Entered Level 10 of the Dungeon
 12570 | D:10     | 12570 ||| INVOKING Heroism.
 12571 | D:10     | 12571 ||| INVOKING Finesse.
 12578 | D:10     | Noticed Erolcha
 12585 | D:10     | Noticed Joseph
 12596 | D:10     | Killed Erolcha
 12597 | D:10     | Reached skill level 3 in Dodging
 12639 | D:10     | Killed Joseph
 12643 | D:10     | 12643 ||| DRINKING 6 potions of curing.
 12643 | D:10     | 12643 ||| (to cure confusion)
 12794 | D:10     | Noticed Snorg
 12795 | D:10     | 12795 ||| INVOKING Heroism.
 12796 | D:10     | 12796 ||| INVOKING Finesse.
 12807 | D:10     | Killed Snorg
 12807 | D:10     | Received a gift from Okawaru
 13079 | D:10     | 13079 ||| Stepping ~*~*~tactically~*~*~ (stealth).
 13152 | D:10     | 13152 ||| Stepping ~*~*~tactically~*~*~ (stealth).
 13290 | D:10     | Found a sacrificial altar of Ru.
 13386 | D:10     | 13386 ||| Stepping ~*~*~tactically~*~*~ (stealth).
 13553 | D:10     | 13553 ||| DROPPING +1 pair of gloves.
 13554 | D:10     | 13554 ||| READING scroll labelled GIWELOSUTT.
 13564 | D:11     | 13564 ||| INVOKING Heroism.
 13810 | D:11     | 13810 ||| Stepping ~*~*~tactically~*~*~ (hiding).
 13812 | D:11     | 13812 ||| Stepping ~*~*~tactically~*~*~ (hiding).
 13813 | D:11     | 13813 ||| Stepping ~*~*~tactically~*~*~ (hiding).
 13816 | D:11     | 13816 ||| Stepping ~*~*~tactically~*~*~ (hiding).
 14076 | D:11     | 14076 ||| Stepping ~*~*~tactically~*~*~ (hiding).
 14084 | D:11     | Reached skill level 16 in Axes
 14262 | D:11     | Found Vod Jit's Serpentskin Sales.
 14381 | D:11     | 14381 ||| PLANNING D
 14381 | D:11     | 14381 ||| DROPPING ring of see invisible.
 14434 | D:12     | 14434 ||| INVOKING Heroism.
 14459 | D:12     | 14459 ||| Stepping ~*~*~tactically~*~*~ (stealth).
 14536 | D:12     | 14536 ||| Stepping ~*~*~tactically~*~*~ (hiding).
 14538 | D:12     | 14538 ||| Stepping ~*~*~tactically~*~*~ (hiding).
 14582 | D:12     | 14582 ||| FLEEEEING.
 14583 | D:12     | 14583 ||| FLEEEEING.
 14584 | D:12     | 14584 ||| FLEEEEING.
 14585 | D:12     | 14585 ||| FLEEEEING.
 14586 | D:12     | 14586 ||| FLEEEEING.
 14587 | D:12     | 14587 ||| Stepping ~*~*~tactically~*~*~ (hiding).
 14588 | D:12     | 14588 ||| Stepping ~*~*~tactically~*~*~ (hiding).
 14957 | D:12     | Found a staircase to the Orcish Mines.
 14994 | D:12     | 14994 ||| Stepping ~*~*~tactically~*~*~ (stealth).
 14995 | D:12     | 14995 ||| INVOKING Heroism.
 14998 | D:12     | 14998 ||| INVOKING Finesse.
 15044 | D:12     | Identified the +1 robe of Hedge Wizardry {rF+}
 15069 | D:12     | 15069 ||| DRINKING 8 potions of curing.
 15069 | D:12     | 15069 ||| (to cure confusion)
 15091 | D:12     | 15091 ||| Stepping ~*~*~tactically~*~*~ (stealth).
 15093 | D:12     | 15093 ||| Stepping ~*~*~tactically~*~*~ (stealth).
 15107 | D:12     | Reached skill level 12 in Armour
 15351 | D:12     | 15351 ||| READING 7 scrolls of identify.
 15351 | D:12     | 15351 ||| IDENTIFYING brown potion
 15352 | D:12     | 15352 ||| DROPPING potion of brilliance.
 15454 | D:13     | Found Daejy's Distillery.
 15458 | D:13     | 15458 ||| BUYING potion of attraction (48 gold).
 15458 | D:13     | Bought a potion of attraction for 48 gold pieces
 15458 | D:13     | 15458 ||| BUYING potion of cancellation (128 gold).
 15458 | D:13     | Bought a potion of cancellation for 128 gold pieces
 15458 | D:13     | 15458 ||| BUYING potion of curing (48 gold).
 15458 | D:13     | Bought a potion of curing for 48 gold pieces
 15458 | D:13     | 15458 ||| BUYING potion of heal wounds (80 gold).
 15458 | D:13     | Bought a potion of heal wounds for 80 gold pieces
 15458 | D:13     | 15458 ||| BUYING potion of lignification (48 gold).
 15458 | D:13     | Bought a potion of lignification for 48 gold pieces
 15502 | D:13     | Found a runed translucent gate.
 15502 | D:13     | Found a runed translucent gate.
 15502 | D:13     | Found a runed translucent gate.
 15620 | D:13     | Found a gate to the Vaults.
 15881 | D:13     | 15881 ||| Stepping ~*~*~tactically~*~*~ (hiding).
 15894 | D:13     | Reached XP level 15. HP: 90/96 MP: 22/22
 16188 | D:13     | Noticed qw's ghost (journeyman GrFi)
 16219 | D:14     | 16219 ||| INVOKING Heroism.
 16226 | D:14     | 16226 ||| Stepping ~*~*~tactically~*~*~ (stealth).
 16227 | D:14     | 16227 ||| Stepping ~*~*~tactically~*~*~ (stealth).
 16334 | D:14     | 16334 ||| INVOKING Heroism.
 16394 | D:14     | 16394 ||| Stepping ~*~*~tactically~*~*~ (hiding).
 16442 | D:14     | 16442 ||| INVOKING Heroism.
 16447 | D:14     | 16447 ||| READING 2 scrolls of teleportation.
 16481 | D:14     | Reached skill level 17 in Axes
 16487 | D:14     | 16487 ||| INVOKING Heroism.
 16529 | D:14     | 16529 ||| Stepping ~*~*~tactically~*~*~ (stealth).
 16531 | D:14     | 16531 ||| Stepping ~*~*~tactically~*~*~ (stealth).
 16540 | D:14     | 16540 ||| Stepping ~*~*~tactically~*~*~ (stealth).
 16547 | D:14     | 16547 ||| INVOKING Heroism.
 16925 | D:15     | Entered Level 15 of the Dungeon
 16943 | D:15     | 16943 ||| Stepping ~*~*~tactically~*~*~ (hiding).
 16952 | D:15     | 16952 ||| Stepping ~*~*~tactically~*~*~ (hiding).
 16954 | D:15     | 16954 ||| FLEEEEING.
 16970 | D:15     | 16970 ||| INVOKING Heroism.
 16972 | D:15     | 16972 ||| Stepping ~*~*~tactically~*~*~ (hiding).
 16977 | D:15     | 16977 ||| Stepping ~*~*~tactically~*~*~ (hiding).
 16982 | D:15     | 16982 ||| FLEEEEING.
 16983 | D:15     | 16983 ||| FLEEEEING.
 16984 | D:15     | 16984 ||| FLEEEEING.
 16985 | D:15     | 16985 ||| FLEEEEING.
 16986 | D:15     | 16986 ||| FLEEEEING.
 17003 | D:15     | 17003 ||| Stepping ~*~*~tactically~*~*~ (hiding).
 17006 | D:15     | 17006 ||| Stepping ~*~*~tactically~*~*~ (hiding).
 17008 | D:15     | 17008 ||| FLEEEEING.
 17009 | D:15     | 17009 ||| FLEEEEING.
 17010 | D:15     | 17010 ||| FLEEEEING.
 17011 | D:15     | 17011 ||| FLEEEEING.
 17012 | D:15     | 17012 ||| FLEEEEING.
 17013 | D:15     | 17013 ||| FLEEEEING.
 17014 | D:15     | 17014 ||| INVOKING Heroism.
 17152 | D:15     | 17152 ||| Stepping ~*~*~tactically~*~*~ (hiding).
 17340 | D:15     | Found a staircase to the Depths.
 17341 | D:15     | 17341 ||| INVOKING Heroism.
 17358 | D:15     | 17358 ||| INVOKING Heroism.
 17501 | D:15     | 17501 ||| Stepping ~*~*~tactically~*~*~ (stealth).
 17507 | D:15     | Received a gift from Okawaru
 17516 | D:15     | 17516 ||| Stepping ~*~*~tactically~*~*~ (stealth).
 17534 | D:15     | 17534 ||| INVOKING Heroism.
 17580 | D:15     | Reached skill level 3 in Throwing
 17653 | D:15     | 17653 ||| Stepping ~*~*~tactically~*~*~ (hiding).
 17951 | D:15     | 17951 ||| PLANNING ORC
 17951 | D:15     | 17951 ||| UPGRADING to +6 ring of strength.
 17953 | D:15     | 17953 ||| DROPPING +4 ring of protection.
 18007 | Orc:1    | Entered Level 1 of the Orcish Mines
 18008 | Orc:1    | 18008 ||| STAIRDANCE
 18115 | Orc:1    | Received a gift from Okawaru
 18190 | Orc:1    | 18190 ||| Stepping ~*~*~tactically~*~*~ (stealth).
 18211 | Orc:1    | 18211 ||| Stepping ~*~*~tactically~*~*~ (hiding).
 18498 | Orc:1    | 18498 ||| UPGRADING to +1 kite shield of protection.
 18508 | Orc:1    | 18508 ||| DROPPING +0 buckler.
 18509 | Orc:1    | 18509 ||| UPGRADING to +1 plate armour of fire resistance.
 18519 | Orc:1    | 18519 ||| DROPPING +0 plate armour.
 18535 | Orc:2    | Entered Level 2 of the Orcish Mines
 18781 | Orc:2    | 18781 ||| Stepping ~*~*~tactically~*~*~ (hiding).
 18782 | Orc:2    | 18782 ||| Stepping ~*~*~tactically~*~*~ (hiding).
 18933 | Orc:2    | 18933 ||| Stepping ~*~*~tactically~*~*~ (hiding).
 18959 | Orc:2    | Found a staircase to the Elven Halls.
 19235 | Orc:2    | Found a burning altar of Makhleb.
 19240 | Orc:2    | 19240 ||| INVOKING Heroism.
 19263 | Orc:2    | 19263 ||| SWAPPING to +3 broad axe.
 19264 | Orc:2    | 19264 ||| DROPPING +0 broad axe of venom.
 19338 | Orc:2    | 19338 ||| FLEEEEING.
 19343 | Orc:2    | 19343 ||| Stepping ~*~*~tactically~*~*~ (hiding).
 19344 | Orc:2    | 19344 ||| Stepping ~*~*~tactically~*~*~ (hiding).
 19345 | Orc:2    | 19345 ||| Stepping ~*~*~tactically~*~*~ (hiding).
 19346 | Orc:2    | 19346 ||| INVOKING Heroism.
 19367 | Orc:2    | Reached skill level 9 in Shields
 19404 | Orc:2    | Found Xebrog's Distillery.
 19404 | Orc:2    | Found Gumapp's Book Boutique.
 19416 | Orc:2    | HP: 21/98 [orc high priest/divine providence (14)]
 19416 | Orc:2    | HP: 10/98 [orc priest/divine providence (11)]
 19417 | Orc:2    | 19417 ||| READING scroll of teleportation.
 19418 | Orc:2    | 19418 ||| DRINKING 6 potions of heal wounds.
 19420 | Orc:2    | 19420 ||| INVOKING Heroism.
 19421 | Orc:2    | 19421 ||| DRINKING 5 potions of heal wounds.
 19633 | Orc:2    | 19633 ||| Stepping ~*~*~tactically~*~*~ (hiding).
 19634 | Orc:2    | 19634 ||| Stepping ~*~*~tactically~*~*~ (hiding).
 19636 | Orc:2    | 19636 ||| Stepping ~*~*~tactically~*~*~ (hiding).
 19637 | Orc:2    | 19637 ||| INVOKING Heroism.
 19689 | Orc:2    | 19689 ||| INVOKING Heroism.
 19702 | Orc:2    | Found Irrithey's Weapon Emporium.
 19702 | Orc:2    | Found Tukes's Magic Scroll Emporium.
 19703 | Orc:2    | 19703 ||| Stepping ~*~*~tactically~*~*~ (hiding).
 19723 | Orc:2    | 19723 ||| BUYING potion of heal wounds (65 gold).
 19723 | Orc:2    | Bought a potion of heal wounds for 65 gold pieces
 19723 | Orc:2    | 19723 ||| BUYING potion of magic (104 gold).
 19723 | Orc:2    | Bought a potion of magic for 104 gold pieces
 19726 | Orc:2    | 19726 ||| BUYING +1 morningstar of protection (177 gold).
 19726 | Orc:2    | Bought a +1 morningstar of protection for 177 gold pieces
 19726 | Orc:2    | 19726 ||| DROPPING +4 morningstar of freezing.
 19735 | Orc:2    | 19735 ||| BUYING scroll of enchant armour (105 gold).
 19735 | Orc:2    | Bought a scroll of enchant armour for 105 gold pieces
 19735 | Orc:2    | 19735 ||| BUYING scroll of teleportation (42 gold).
 19735 | Orc:2    | Bought a scroll of teleportation for 42 gold pieces
 19735 | Orc:2    | 19735 ||| READING scroll of enchant armour.
 19735 | Orc:2    | 19735 ||| ENCHANTING +1 plate armour of fire resistance.
 19763 | Orc:2    | 19763 ||| PLANNING SHOALS:1-3
 19998 | Shoals:1 | Entered Level 1 of the Shoals
 20016 | Shoals:1 | 20016 ||| INVOKING Heroism.
 20052 | Shoals:1 | 20052 ||| Stepping ~*~*~tactically~*~*~ (hiding).
 20053 | Shoals:1 | 20053 ||| Stepping ~*~*~tactically~*~*~ (hiding).
 20054 | Shoals:1 | 20054 ||| Stepping ~*~*~tactically~*~*~ (hiding).
 20055 | Shoals:1 | 20055 ||| Stepping ~*~*~tactically~*~*~ (hiding).
 20101 | Shoals:1 | 20101 ||| Stepping ~*~*~tactically~*~*~ (hiding).
 20102 | Shoals:1 | 20102 ||| Stepping ~*~*~tactically~*~*~ (hiding).
 20104 | Shoals:1 | 20104 ||| Stepping ~*~*~tactically~*~*~ (hiding).
 20105 | Shoals:1 | 20105 ||| Stepping ~*~*~tactically~*~*~ (hiding).
 20106 | Shoals:1 | 20106 ||| Stepping ~*~*~tactically~*~*~ (hiding).
 20107 | Shoals:1 | 20107 ||| Stepping ~*~*~tactically~*~*~ (hiding).
 20127 | Shoals:1 | Reached XP level 16. HP: 104/104 MP: 23/23
 20246 | Shoals:1 | 20246 ||| INVOKING Heroism.
 20337 | Shoals:1 | 20337 ||| Stepping ~*~*~tactically~*~*~ (hiding).
 20415 | Shoals:1 | 20415 ||| Stepping ~*~*~tactically~*~*~ (stealth).
 20440 | Shoals:1 | Reached skill level 12 in Shields
 20441 | Shoals:1 | 20441 ||| READING scroll of enchant weapon.
 20441 | Shoals:1 | 20441 ||| ENCHANTING +3 broad axe.
 20488 | Shoals:1 | 20488 ||| Stepping ~*~*~tactically~*~*~ (stealth).
 20490 | Shoals:1 | 20490 ||| Stepping ~*~*~tactically~*~*~ (hiding).
 20505 | Shoals:1 | Received a gift from Okawaru
 20647 | Shoals:1 | Noticed a kraken
 20655 | Shoals:1 | 20655 ||| INVOKING Heroism.
 20658 | Shoals:1 | Killed a kraken
 20779 | Shoals:1 | 20779 ||| Stepping ~*~*~tactically~*~*~ (stealth).
 20842 | Shoals:1 | 20842 ||| INVOKING Heroism.
 21147 | Shoals:2 | 21147 ||| INVOKING Heroism.
 21177 | Shoals:2 | 21177 ||| INVOKING Heroism.
 21203 | Shoals:2 | 21203 ||| Stepping ~*~*~tactically~*~*~ (hiding).
 21756 | Shoals:2 | 21756 ||| Stepping ~*~*~tactically~*~*~ (hiding).
 21757 | Shoals:2 | 21757 ||| Stepping ~*~*~tactically~*~*~ (hiding).
 21758 | Shoals:2 | 21758 ||| Stepping ~*~*~tactically~*~*~ (hiding).
 21759 | Shoals:2 | 21759 ||| Stepping ~*~*~tactically~*~*~ (hiding).
 21760 | Shoals:2 | 21760 ||| Stepping ~*~*~tactically~*~*~ (hiding).
 22040 | Shoals:3 | 22040 ||| INVOKING Heroism.
 22046 | Shoals:3 | Reached skill level 18 in Axes
 22272 | Shoals:3 | 22272 ||| INVOKING Heroism.
 22274 | Shoals:3 | Found Tickeda's Antique Armour Shop.
 22313 | Shoals:3 | Received a gift from Okawaru
 22467 | Shoals:3 | Noticed Polyphemus
 22468 | Shoals:3 | 22468 ||| INVOKING Heroism.
 22469 | Shoals:3 | 22469 ||| INVOKING Finesse.
 22488 | Shoals:3 | Killed Polyphemus
 22488 | Shoals:3 | Identified the +6 hand axe of Instinct {protect, rF+ rN++
                  | Will+ Stlth-} (Okawaru gifted it to you on level 3 of the
                  | Shoals)
 22488 | Shoals:3 | Received a gift from Okawaru
 22620 | Shoals:3 | 22620 ||| INVOKING Heroism.
 22728 | Shoals:3 | 22728 ||| Stepping ~*~*~tactically~*~*~ (hiding).
 22730 | Shoals:3 | 22730 ||| Stepping ~*~*~tactically~*~*~ (hiding).
 22746 | Shoals:3 | 22746 ||| Stepping ~*~*~tactically~*~*~ (hiding).
 22756 | Shoals:3 | Noticed a titan
 22776 | Shoals:3 | 22776 ||| INVOKING Heroism.
 22789 | Shoals:3 | Killed a titan
 22853 | Shoals:3 | 22853 ||| PLANNING SNAKE:1-3
 22853 | Shoals:3 | 22853 ||| DROPPING +2 chain mail of positive energy.
 22937 | Snake:1  | Entered Level 1 of the Snake Pit
 22954 | Snake:1  | Found Yruusm's Distillery.
 22954 | Snake:1  | Found Paxzau's Armour Boutique.
 22955 | Snake:1  | Found Koew's General Store.
 22956 | Snake:1  | Noticed a nagaraja
 22957 | Snake:1  | 22957 ||| Stepping ~*~*~tactically~*~*~ (hiding).
 22958 | Snake:1  | 22958 ||| INVOKING Heroism.
 22961 | Snake:1  | 22961 ||| Stepping ~*~*~tactically~*~*~ (hiding).
 22961 | Snake:1  | Found Faelin's Antique Armour Boutique.
 22968 | Snake:1  | Killed a nagaraja
 22988 | Snake:1  | 22988 ||| BUYING 2 potions of curing (72 gold).
 22988 | Snake:1  | Bought 2 potions of curing for 72 gold pieces
 22988 | Snake:1  | 22988 ||| BUYING potion of cancellation (96 gold).
 22988 | Snake:1  | Bought a potion of cancellation for 96 gold pieces
 22988 | Snake:1  | 22988 ||| BUYING potion of curing (36 gold).
 22988 | Snake:1  | Bought a potion of curing for 36 gold pieces
 22988 | Snake:1  | 22988 ||| BUYING potion of curing (36 gold).
 22988 | Snake:1  | Bought a potion of curing for 36 gold pieces
 22988 | Snake:1  | 22988 ||| BUYING potion of heal wounds (60 gold).
 22988 | Snake:1  | Bought a potion of heal wounds for 60 gold pieces
 22988 | Snake:1  | 22988 ||| BUYING potion of might (48 gold).
 22988 | Snake:1  | Bought a potion of might for 48 gold pieces
 22991 | Snake:1  | 22991 ||| BUYING embroidered cloak (232 gold).
 22991 | Snake:1  | Bought an embroidered cloak for 232 gold pieces
 22991 | Snake:1  | 22991 ||| BUYING embroidered scarf (248 gold).
 22991 | Snake:1  | Bought an embroidered scarf for 248 gold pieces
 23015 | Snake:1  | 23015 ||| Stepping ~*~*~tactically~*~*~ (stealth).
 23017 | Snake:1  | 23017 ||| Stepping ~*~*~tactically~*~*~ (hiding).
 23100 | Snake:1  | 23100 ||| Stepping ~*~*~tactically~*~*~ (hiding).
 23101 | Snake:1  | 23101 ||| Stepping ~*~*~tactically~*~*~ (hiding).
 23103 | Snake:1  | 23103 ||| Stepping ~*~*~tactically~*~*~ (hiding).
 23104 | Snake:1  | 23104 ||| Stepping ~*~*~tactically~*~*~ (hiding).
 23107 | Snake:1  | 23107 ||| Stepping ~*~*~tactically~*~*~ (hiding).
 23119 | Snake:1  | Reached skill level 6 in Throwing
 23180 | Snake:1  | 23180 ||| Stepping ~*~*~tactically~*~*~ (stealth).
 23181 | Snake:1  | 23181 ||| Stepping ~*~*~tactically~*~*~ (stealth).
 23374 | Snake:1  | 23374 ||| Stepping ~*~*~tactically~*~*~ (hiding).
 23386 | Snake:1  | Reached XP level 17. HP: 102/111 MP: 24/24
 23388 | Snake:1  | 23388 ||| Stepping ~*~*~tactically~*~*~ (stealth).
 23478 | Snake:1  | 23478 ||| Stepping ~*~*~tactically~*~*~ (hiding).
 23780 | Snake:1  | 23780 ||| Stepping ~*~*~tactically~*~*~ (hiding).
 23808 | Snake:1  | 23808 ||| Stepping ~*~*~tactically~*~*~ (hiding).
 24129 | Snake:1  | 24129 ||| UPGRADING to +2 cloak.
 24139 | Snake:1  | 24139 ||| DROPPING +0 cloak.
 24140 | Snake:1  | 24140 ||| DROPPING scarf of harm.
 24198 | Snake:2  | Found Butourph's Magic Scroll Shoppe.
 24200 | Snake:2  | Found Icatsecw's Book Emporium.
 24202 | Snake:2  | Found Angogiplyb's Antique Armour Shoppe.
 24223 | Snake:2  | 24223 ||| INVOKING Heroism.
 24246 | Snake:2  | 24246 ||| BUYING scroll of teleportation (51 gold).
 24246 | Snake:2  | Bought a scroll of teleportation for 51 gold pieces
 24246 | Snake:2  | 24246 ||| BUYING scroll of teleportation (51 gold).
 24246 | Snake:2  | Bought a scroll of teleportation for 51 gold pieces
 24250 | Snake:2  | 24250 ||| BUYING runed chain mail (225 gold).
 24250 | Snake:2  | Bought a runed chain mail for 225 gold pieces
 24332 | Snake:2  | 24332 ||| SWAPPING to +0 broad axe of flaming.
 24333 | Snake:2  | 24333 ||| DROPPING +1 morningstar of protection.
 24368 | Snake:2  | 24368 ||| READING scroll of acquirement.
 24368 | Snake:2  | 24368 ||| ACQUIRING 840 gold pieces
 24368 | Snake:2  | Acquired 840 gold pieces
 24446 | Snake:2  | 24446 ||| INVOKING Heroism.
 24549 | Snake:2  | Found a frozen archway.
 24550 | Snake:2  | 24550 ||| Stepping ~*~*~tactically~*~*~ (hiding).
 24555 | Snake:2  | 24555 ||| INVOKING Heroism.
 24665 | Snake:2  | Received a gift from Okawaru
 24733 | Snake:2  | 24733 ||| READING scroll of enchant weapon.
 24733 | Snake:2  | 24733 ||| ENCHANTING +0 broad axe of flaming.
 24759 | Snake:2  | 24759 ||| DROPPING +4 chain mail of poison resistance.
 24796 | Snake:3  | 24796 ||| INVOKING Heroism.
 24813 | Snake:3  | 24813 ||| Stepping ~*~*~tactically~*~*~ (hiding).
 24848 | Snake:3  | Noticed Mlioglotl
 24849 | Snake:3  | 24849 ||| Stepping ~*~*~tactically~*~*~ (stealth).
 24850 | Snake:3  | 24850 ||| INVOKING Heroism.
 24851 | Snake:3  | 24851 ||| Stepping ~*~*~tactically~*~*~ (stealth).
 24852 | Snake:3  | 24852 ||| INVOKING Finesse.
 24859 | Snake:3  | Killed Mlioglotl
 24860 | Snake:3  | Reached skill level 15 in Fighting
 24916 | Snake:3  | 24916 ||| INVOKING Heroism.
 25010 | Snake:3  | Received a gift from Okawaru
 25323 | Snake:3  | 25323 ||| Stepping ~*~*~tactically~*~*~ (hiding).
 25346 | Snake:3  | Noticed a tentacled monstrosity
 25347 | Snake:3  | 25347 ||| INVOKING Heroism.
 25359 | Snake:3  | 25359 ||| INVOKING Finesse.
 25363 | Snake:3  | Killed a tentacled monstrosity
 25385 | Snake:3  | Noticed a tentacled monstrosity
 25386 | Snake:3  | 25386 ||| Stepping ~*~*~tactically~*~*~ (stealth).
 25387 | Snake:3  | 25387 ||| Stepping ~*~*~tactically~*~*~ (hiding).
 25396 | Snake:3  | 25396 ||| INVOKING Heroism.
 25402 | Snake:3  | Killed a tentacled monstrosity
 25484 | Snake:3  | 25484 ||| INVOKING Heroism.
 25562 | Snake:3  | 25562 ||| Stepping ~*~*~tactically~*~*~ (stealth).
 25564 | Snake:3  | 25564 ||| Stepping ~*~*~tactically~*~*~ (stealth).
 25570 | Snake:3  | 25570 ||| INVOKING Heroism.
 25580 | Snake:3  | Noticed Saint Roka
 25594 | Snake:3  | 25594 ||| INVOKING Heroism.
 25617 | Snake:3  | Killed Saint Roka
 25962 | Snake:3  | 25962 ||| PLANNING SHOALS:4
 25962 | Snake:3  | 25962 ||| READING 17 scrolls of identify.
 25962 | Snake:3  | 25962 ||| IDENTIFYING viscous white potion
 25963 | Snake:3  | 25963 ||| DROPPING potion of invisibility.
 26141 | Shoals:4 | Entered Level 4 of the Shoals
 26142 | Shoals:4 | 26142 ||| INVOKING Heroism.
 26154 | Shoals:4 | Reached XP level 18. HP: 79/119 MP: 25/25
 26154 | Shoals:4 | 26154 ||| SWAPPING to +4 broad axe.
 26198 | Shoals:4 | 26198 ||| INVOKING Heroism.
 26199 | Shoals:4 | Received a gift from Okawaru
 26252 | Shoals:4 | 26252 ||| DROPPING +1 broad axe of flaming.
 26260 | Shoals:4 | 26260 ||| READING scroll of enchant armour.
 26260 | Shoals:4 | 26260 ||| ENCHANTING +2 plate armour of fire resistance.
 26350 | Shoals:4 | Reached skill level 15 in Shields
 26405 | Shoals:4 | Noticed Ilsuiw
 26406 | Shoals:4 | 26406 ||| INVOKING Heroism.
 26407 | Shoals:4 | 26407 ||| INVOKING Finesse.
 26432 | Shoals:4 | Killed Ilsuiw
 26652 | Shoals:4 | 26652 ||| INVOKING Heroism.
 26654 | Shoals:4 | 26654 ||| INVOKING Finesse.
 26843 | Shoals:4 | 26843 ||| INVOKING Heroism.
 26870 | Shoals:4 | Reached skill level 9 in Throwing
 26885 | Shoals:4 | 26885 ||| Stepping ~*~*~tactically~*~*~ (hiding).
 26889 | Shoals:4 | 26889 ||| INVOKING Heroism.
 26893 | Shoals:4 | 26893 ||| Stepping ~*~*~tactically~*~*~ (hiding).
 26967 | Shoals:4 | Got a barnacled rune of Zot
 27096 | Shoals:4 | Received a gift from Okawaru
 27154 | Shoals:4 | 27154 ||| Stepping ~*~*~tactically~*~*~ (hiding).
 27271 | Shoals:4 | 27271 ||| INVOKING Heroism.
 27299 | Shoals:4 | Identified the staff "Piraghixto" {rElec rPois Str+3 Dex+3
                  | Air}
 27408 | Shoals:4 | 27408 ||| PLANNING VAULTS:1-4
 27408 | Shoals:4 | 27408 ||| DROPPING +1 plate armour of willpower.
 27485 | Shoals:1 | 27485 ||| Stepping ~*~*~tactically~*~*~ (stealth).
 27731 | Vaults:1 | Entered Level 1 of the Vaults
 27746 | Vaults:1 | 27746 ||| INVOKING Heroism.
 27895 | Vaults:1 | Received a gift from Okawaru
 27898 | Vaults:1 | 27898 ||| INVOKING Heroism.
 27917 | Vaults:1 | Reached skill level 15 in Armour
 27926 | Vaults:1 | 27926 ||| Stepping ~*~*~tactically~*~*~ (stealth).
 27927 | Vaults:1 | 27927 ||| INVOKING Heroism.
 27994 | Vaults:1 | 27994 ||| Stepping ~*~*~tactically~*~*~ (hiding).
 28010 | Vaults:1 | 28010 ||| Stepping ~*~*~tactically~*~*~ (stealth).
 28012 | Vaults:1 | 28012 ||| Stepping ~*~*~tactically~*~*~ (stealth).
 28036 | Vaults:1 | 28036 ||| INVOKING Heroism.
 28046 | Vaults:1 | Received a gift from Okawaru
 28048 | Vaults:1 | HP: 19/122 [yaktaur captain/bolt (28)]
 28049 | Vaults:1 | 28049 ||| READING 5 scrolls of teleportation.
 28050 | Vaults:1 | 28050 ||| DRINKING 7 potions of heal wounds.
 28061 | Vaults:1 | HP: 27/122 [ironbound thunderhulk/bolt of lightning (16)]
 28062 | Vaults:1 | 28062 ||| READING 4 scrolls of teleportation.
 28063 | Vaults:1 | 28063 ||| DRINKING 6 potions of heal wounds.
 28076 | Vaults:1 | Slain by a titanic slime creature

Levels and vault maps discovered:
D:1:      lightli_arrival_boilingwater, layout_rooms,
          shapermc_ecumenical_altar_rom_forum, wad_floor_pattern_untrapped,
          minmay_crystal_water
D:2:      layout_basic, basic_altar, serial_shops, nicolae_shop_mannequins,
          serial_park_tiny_1
D:3:      layout_rooms, grunt_ministairs_9, nicolae_hexahallways,
          kennysheep_cross_room, nicolae_concentric_dashed_squares_mild
D:4:      layout_loops_ring, uniq_natasha
D:5:      layout_basic, demons_altar, lemuel_crystal_altar,
          mainiacjoe_overflow_paths, temple_pool_b, gammafunk_ghost_split,
          uniq_crazy_yiuf_cottage, uniq_prince_ribbit1
D:6:      layout_rooms, st_stairs_12, nicolae_specific_store
D:7:      layout_rooms, lemuel_zombie_altar_kikubaaqudgha, serial_shops,
          nicolae_shop_tiny_statue_garden
D:8:      layout_loops_corners, lemuel_crystal_altar, xom_butterflies,
          zin_academy, lair_entry_dummy
D:9:      layout_rooms
D:10:     layout_basic, nicolae_ru_the_path_less_chosen, disabler_island,
          uniq_erolcha, uniq_snorg, uniq_joseph
D:11:     layout_basic, serial_glass, glass_columns_b, glass_columns_a,
          guppyfry_shop_venom
D:12:     layout_roguey
D:13:     layout_stronghold, david_vaults_1, serial_shops, shop,
          ebering_ghost_rock_garden
D:14:     layout_basic
D:15:     gammafunk_depths_entry_grave, layout_loops_ring,
          minmay_splitting_lines, special_room [special_room_orc]
Temple:   nicolae_temple_ecumenical_triangle
Lair:1:   beast_lair_carwin_large_2, layout_gridlike, grunt_megastairs_1
Lair:2:   layout_roguey, elwin_shoals_entry_stream, grunt_megastairs_5
Lair:3:   layout_loops_ring, minmay_snake_entry_guardpost_small,
          gammafunk_ghost_necromancy, uniq_sonja
Lair:4:   layout_cave_shapes, slime_entry_1, serial_bayou_shore_b
Lair:5:   gammafunk_lair_ancient_temple, layout_regular_city, uniq_kirke
Shoals:1: layout_shoals
Shoals:2: layout_shoals, nicolae_shoals_lost_giant_pillars
Shoals:3: cheibrodos_shoals_gigantism, layout_shoals, serial_shops,
          nicolae_shop_statue_plus, nicolae_shoals_water_shrine, uniq_polyphemus
Shoals:4: shoals_end_simple, layout_shoals, shoals_ilsuiw_ice
Snake:1:  layout_chambers, minmay_shoptagon
Snake:2:  layout_rooms, portal_ice_cave_entry_dragon, minmay_shop_star
Snake:3:  onia_ninara_swampy_vault, layout_grid_shapes,
          nicolae_snake_gridmaze_spiral, guppyfry_library_mini, uniq_saint_roka,
          uniq_mlioglotl
Orc:1:    layout_caves, basic_altar, sword_in_stone
Orc:2:    st_orc_elflike, layout_caves, basic_altar,
          nicolae_orc_sculptors_studio, roderic_batcave,
          nicolae_orc_stony_grotto, lemuel_statue_altar, nicolae_orc_tapped_out
Vaults:1: v_misc_8, nicolae_vaults_triangles, nicolae_vaults_swerve,
          nicolae_vaults_yaktaur_gun_rack, nicolae_vaults_house_2,
          nicolae_vaults_disappearing_quadrants, vaults_dpeg_hooks,
          hangedman_vaults_hat, nicolae_vaults_disjoint_gnomons,
          nicolae_vaults_windows_and_doors_thing, nicolae_vaults_apartment_1,
          nicolae_vaults_what_the_h, layout_vaults_omnibox, serial_shops, shop,
          enter_trove_6

Skill      XL: |  1  2  3  4  5  6  7  8  9 10 11 12 13 14 15 16 17 18 |
---------------+-------------------------------------------------------+-----
Axes           | 2 3 4 6 7 8 9 11 12 13 15 16 17 18 | 18.0
Fighting       | 4 5 6 7 8 9 10 11 12 13 14 15 16 | 16.8
Armour         | 4 5 6 7 9 10 12 13 15 | 15.0
Dodging        | 1 2 3 4 |  4.0
Throwing       | 1 2 3 6 8 9 |  9.0
Invocations    | 1 4 6 10 | 10.0
Shields        | 4 5 6 7 8 10 13 14 15 | 15.0

Action                     |  1- 3 |  4- 6 |  7- 9 | 10-12 | 13-15 | 16-18 || total
---------------------------+-------+-------+-------+-------+-------+-------++-------
  Melee: War axe           |    99 |    96 |   286 |   463 |    86 |       ||  1030
         Headbutt          |       |       |       |    70 |   288 |   251 ||   609
         Broad axe         |       |       |       |       |  1159 |  1080 ||  2239
  Throw: Boomerang         |       |       |    73 |   131 |    72 |    40 ||   316
         Javelin           |       |       |       |       |     8 |    59 ||    67
 Invoke: Heroism           |       |       |     2 |    21 |    33 |    33 ||    89
         Finesse           |       |       |       |       |     7 |     5 ||    12
    Use: Scroll            |     6 |     3 |     9 |     8 |     8 |     7 ||    41
         Potion            |     1 |     1 |     1 |     1 |     6 |     2 ||    12
 Armour: Scale mail        |    29 |       |       |       |       |       ||    29
         Plate armour      |    18 |    45 |   200 |   247 |   557 |   573 ||  1640
  Dodge: Dodged            |    48 |    45 |   161 |   255 |   579 |   525 ||  1613
  Block: Buckler           |    14 |    20 |    47 |   105 |   194 |       ||   380
         Kite shield       |       |       |       |       |   100 |   701 ||   801

Table legend:
 A = Non-vault XP
 B = Vault XP
 C = Vault XP percentage of total XP
 D = Non-vault monster count
 E = Vault monster count
 F = Vault count percentage of total count
                 A         B        C        D         E       F
            +---------+---------+-------+---------+---------+-------
      Total |  194466 |  111905 |  36.5 |     688 |     268 |  28.0
            +---------+---------+-------+---------+---------+-------
        D:1 |      32 |       0 |   0.0 |      19 |       0 |   0.0
        D:2 |      44 |       0 |   0.0 |      16 |       0 |   0.0
        D:3 |      39 |       4 |   9.3 |      17 |       2 |  10.5
        D:4 |     162 |      36 |  18.2 |      12 |       1 |   7.7
        D:5 |    1072 |     387 |  26.5 |      27 |       4 |  12.9
        D:6 |    1269 |     109 |   7.9 |      28 |       1 |   3.4
        D:7 |     703 |      11 |   1.5 |      12 |       6 |  33.3
        D:8 |    1765 |       0 |   0.0 |      28 |       0 |   0.0
        D:9 |    1436 |       0 |   0.0 |      12 |       0 |   0.0
       D:10 |    3747 |    3158 |  45.7 |      22 |       8 |  26.7
       D:11 |    3768 |     307 |   7.5 |      12 |       3 |  20.0
       D:12 |    7610 |       0 |   0.0 |      22 |       0 |   0.0
       D:13 |    2249 |    2039 |  47.6 |       4 |       3 |  42.9
       D:14 |    9358 |       0 |   0.0 |      27 |       0 |   0.0
       D:15 |    9629 |    6269 |  39.4 |      15 |      34 |  69.4
     Lair:1 |    6268 |    2773 |  30.7 |      25 |      12 |  32.4
     Lair:2 |    8222 |    3316 |  28.7 |      34 |      11 |  24.4
     Lair:3 |    8451 |    1440 |  14.6 |      29 |       5 |  14.7
     Lair:4 |    6167 |       0 |   0.0 |      17 |       0 |   0.0
     Lair:5 |   10597 |    9411 |  47.0 |      43 |      22 |  33.8
   Shoals:1 |   24539 |       0 |   0.0 |      45 |       0 |   0.0
   Shoals:2 |    8524 |       0 |   0.0 |      18 |       0 |   0.0
   Shoals:3 |    4187 |   11743 |  73.7 |       7 |      17 |  70.8
   Shoals:4 |   14223 |   27045 |  65.5 |      30 |      40 |  57.1
    Snake:1 |   13030 |       0 |   0.0 |      27 |       0 |   0.0
    Snake:2 |   20111 |     849 |   4.1 |      38 |       1 |   2.6
    Snake:3 |   11528 |   24884 |  68.3 |      19 |      48 |  71.6
      Orc:1 |    1758 |     498 |  22.1 |      32 |       4 |  11.1
      Orc:2 |    1937 |    8510 |  81.5 |      28 |      35 |  55.6
   Vaults:1 |   12041 |    9116 |  43.1 |      23 |      11 |  32.4
            +---------+---------+-------+---------+---------+-------
